 Dungeon Crawl Stone Soup version 0.29.1-2-gbd0b4ee654 (webtiles) character file.

Game seed: 486392593693358732

939 Icepheonix32 the Covered (level 7, 0/64 HPs)
             Began as a Minotaur Fighter on Oct 24, 2022.
             Was a Believer of Okawaru.
             Slain by a gnoll
             ... wielding a +0 spear
             ... led by a gnoll bouda
              (4 damage)
             ... on level 6 of the Dungeon.
             The game lasted 00:05:39 (5394 turns).

Icepheonix32 the Covered (Minotaur Fighter)         Turns: 5394, Time: 00:05:40

Health: 0/64       AC: 10    Str: 17 (20) XL:     7   Next: 87%
Magic:  8/8        EV:  9    Int:  3 (5)  God:    Okawaru [**....]
Gold:   189        SH:  4    Dex: 11 (12) Spells: 6/6 levels left

rFire   . . .      SeeInvis .   f - +1 whip (freeze)
rCold   . . .      Faith    .   c - +0 buckler
rNeg    . . .      Spirit   .   b - +0 scale mail
rPois   .          Reflect  .   (helmet restricted)
rElec   .          Harm     .   (no cloak)
rCorr   .          Rampage  .   (no gloves)
Will    .....                   k - +1 pair of boots
Stlth   ..........              (no amulet)
HPRegen 0.20/turn               t - ring of wizardry
MPRegen 0.11/turn               (no ring)

@: about to teleport
A: horns 2, retaliatory headbutt
a: Renounce Religion, Heroism


You were on level 6 of the Dungeon.
You worshipped Okawaru.
Okawaru was pleased with you.
You visited 1 branch of the dungeon, and saw 6 of its levels.

You collected 314 gold pieces.
You spent 125 gold pieces at shops.

Inventory:

Hand Weapons
 a - a +0 war axe
 f - a +1 whip of freezing (weapon)
 p - a +0 halberd of freezing
Armour
 b - a +0 scale mail (worn)
 c - a +0 buckler (worn)
 k - a +1 pair of boots (worn)
Jewellery
 t - a ring of wizardry (left hand)
Wands
 r - a wand of flame (24)
 w - a wand of polymorph (6)
Scrolls
 g - 2 scrolls of vulnerability {unknown}
 j - a scroll of teleportation
 m - 2 scrolls of enchant armour
 n - a scroll of magic mapping {unknown}
 q - a scroll of summoning {unknown}
 s - 2 scrolls of brand weapon {unknown}
 u - 3 scrolls of identify
 x - 3 scrolls of amnesia {unknown}
 y - a scroll of fear {unknown}
Potions
 d - 2 potions of curing {unknown}
 e - 2 potions of mutation {unknown}
 h - a potion of degeneration
 i - a potion of attraction {unknown}
 l - 2 potions of flight {unknown}
 o - a potion of brilliance {unknown}
 v - a potion of haste {unknown}


   Skills:
 * Level 6.3 Fighting
 + Level 2.6(4.3) Axes
 + Level 5.4(5.7) Maces & Flails
 + Level 6.4 Armour
 + Level 1.8 Dodging
 + Level 0.5 Stealth
 + Level 4.3 Shields
 * Level 2.9 Invocations


You had 6 spell levels left.
You didn't know any spells.
Your spell library contained the following spells:

 Spells                   Type           Power      Damage    Failure   Level
 Apportation              Tloc           0%         N/A       65%         1
 Necrotise                Necr           0%         1d4       65%         1
 Summon Small Mammal      Summ           Unusable   N/A       N/A         1

Dungeon Overview and Level Annotations

Branches:
Dungeon (6/15)             Temple (0/1) D:6

Altars:
Ashenzari
Dithmenos
Okawaru
Wu Jian

Shops:
D:1 ?   D:4 (   D:5 =


Innate Abilities, Weirdness & Mutations

You have a pair of horns on your head.
You reflexively headbutt those who attack you in melee.


Message History

The gnoll hits you but does no damage.
The gnoll hits you from afar with a +0 spear.
You barely miss the gnoll. The gnoll hits you with a +0 flail.
You block the gnoll's attack. The gnoll closely misses you.
You hit the gnoll. You freeze the gnoll.
You headbutt the gnoll, but do no damage.
The gnoll is severely wounded.
The gnoll closely misses you. You block the gnoll's attack.
The gnoll barely misses you.
You hit the gnoll. You freeze the gnoll.
You kill the gnoll!
Okawaru accepts your kill.
The gnoll is no longer moving quickly.
The gnoll hits you from afar with a +0 halberd.
The gnoll hits you from afar with a +0 spear.
The gnoll hits you with a +0 halberd. The gnoll hits you with a +0 spear!
Items here: ))) [.
The gnoll closely misses you. You furiously retaliate!
You headbutt the gnoll. You block the gnoll's attack.
The gnoll hits you but does no damage. The gnoll hits you with a +0 spear!
* * * LOW HITPOINT WARNING * * *
The gnoll attacks as you move away! The gnoll hits you with a +0 halberd.
* * * LOW HITPOINT WARNING * * *
The gnoll attacks as you move away! The gnoll hits you with a +0 spear.
* * * LOW HITPOINT WARNING * * *
The gnoll hits you from afar with a +0 halberd.
* * * LOW HITPOINT WARNING * * *
The gnoll hits you but does no damage.
It was a potion of degeneration.
There was something very wrong with that liquid.
You feel weakened.
You feel dopey.
You feel clumsy.
The gnoll hits you from afar with a +0 halberd.
* * * LOW HITPOINT WARNING * * *
The gnoll closely misses you.
Unknown command.
Okay, then.
As you read the scroll of teleportation, it crumbles to dust.
You feel strangely unstable. You block the gnoll's attack.
The gnoll hits you from afar with a +0 spear.
You die...

................P.P#.
.....................
........##...........
........#####........
#....#### #.#.#..##
#.... #######)#.#..#
... ......g.g....##
..........#....
.......@.......
...............
.............#.
...............
#######.##..... #.#
.#.#. #.# ..... #.#
#...


You could see 2 gnolls.

Vanquished Creatures
  Duvessa (D:5)
  An ice beast (D:6)
  A phantom (D:4)
  A necrophage (D:6)
  A jelly (D:5)
  Dowan (D:5)
  A howler monkey (D:4)
  An orc priest (D:6)
  A gnoll bouda (D:6)
  4 hounds
  Ijyb (D:3)
  4 iguanas
  2 gnolls (D:6)
  5 adders
  A white imp (D:6)
  3 worms
  3 dart slugs
  4 orcs
  5 ball pythons
  6 endoplasms
  A giant cockroach (D:3)
  7 hobgoblins
  2 jackals (D:4)
  7 quokkas
  14 bats
  2 frilled lizards
  8 goblins
  4 kobolds
  7 rats
99 creatures vanquished.

Vanquished Creatures (others)
  2 fungi (D:1)
  A plant (D:1)
3 creatures vanquished.

Grand Total: 102 creatures vanquished

Notes
Turn   | Place    | Note
-------+----------+-------------------------------------------
     0 | D:1      | Icepheonix32 the Minotaur Fighter began the quest for the
                  | Orb.
     0 | D:1      | Reached XP level 1. HP: 19/19 MP: 0/0
   185 | D:1      | Found Odath's Magic Scroll Emporium.
   544 | D:1      | Reached XP level 2. HP: 27/27 MP: 1/1
   622 | D:1      | Found a faded altar of an unknown god.
   957 | D:1      | Bought a scroll of identify for 20 gold pieces
  1105 | D:2      | Reached XP level 3. HP: 34/34 MP: 2/2
  2053 | D:3      | Noticed Ijyb
  2078 | D:3      | Killed Ijyb
  2079 | D:3      | Reached skill level 1 in Maces & Flails
  2079 | D:3      | Reached XP level 4. HP: 35/41 MP: 3/3
  2439 | D:3      | Found an ornate altar of the Wu Jian Council.
  2844 | D:3      | Found a shadowy altar of Dithmenos.
  2850 | D:3      | Found an iron altar of Okawaru.
  2857 | D:3      | Found a broken altar of Ashenzari.
  2862 | D:3      | Became a worshipper of Warmaster Okawaru
  2932 | D:1      | Bought a scroll of teleportation for 30 gold pieces
  2932 | D:1      | Bought a scroll of enchant armour for 75 gold pieces
  3104 | D:4      | Noticed a phantom
  3128 | D:4      | Killed a phantom
  3129 | D:4      | Reached skill level 5 in Fighting
  3129 | D:4      | Reached skill level 1 in Dodging
  3129 | D:4      | Reached XP level 5. HP: 26/48 MP: 4/4
  3271 | D:4      | Reached * piety under Okawaru
  3277 | D:4      | Reached skill level 5 in Armour
  3277 | D:4      | Reached skill level 1 in Invocations
  3379 | D:4      | Reached XP level 6. HP: 54/56 MP: 5/5
  3429 | D:4      | Found Jiosieh's Weapon Shoppe.
  4091 | D:5      | Entered Level 5 of the Dungeon
  4564 | D:5      | Noticed Dowan
  4573 | D:5      | Killed Dowan
  4574 | D:5      | Noticed Duvessa
  4588 | D:5      | Killed Duvessa
  4589 | D:5      | Reached XP level 7. HP: 40/61 MP: 4/7
  4898 | D:5      | Reached ** piety under Okawaru
  4993 | D:5      | Found Abur's Jewellery Shop.
  5241 | D:6      | Reached skill level 5 in Maces & Flails
  5293 | D:6      | Found a staircase to the Ecumenical Temple.
  5393 | D:6      | HP: 3/64 [gnoll/+0 halberd[a gnoll bouda] (3)]
  5394 | D:6      | Slain by a gnoll

Illustrated notes

Levels and vault maps discovered:
D:1:      moated_graveyard_arrival, layout_basic,
          shapermc_ecumenical_altar_mp_urbaneastern, serial_shops,
          nicolae_shop_hallway_stairs
D:2:      layout_basic
D:3:      layout_loops_ring, grunt_temple_overflow_diamond,
          mainiacjoe_overflow_brackets, minmay_misc_feat_alley, uniq_ijyb
D:4:      layout_gridville, serial_shops, shop_statue, chequers_big_river,
          grunt_decor_arrowhead, feat_on_display
D:5:      layout_layer_cave, serial_shops, nicolae_shop_behind_doors,
          nicolae_eternal_life, amcnicky_mini_pool_small,
          grunt_decor_resistance, hangedman_decor_riveting,
          minmay_tree_intersection, chequers_serial_rivers_small_b,
          skrybe_limestone_x, uniq_duvessa
D:6:      lemuel_slime, layout_basic, minmay_temple_entry_gardened_gates,
          serial_shops, nicolae_shop_behind_doors, serial_glass,
          glass_columns_c, glass_columns_a, uniq_blork_the_orc, uniq_menkaure

Skill      XL: |  1  2  3  4  5  6  7 |
---------------+----------------------+-----
Fighting       | 4 5 6 |  6.3
Armour         | 4 5 6 |  6.4
Maces & Flails | 1 2 3 4 5 |  5.4
Dodging        | 1 |  1.8
Shields        | 4 |  4.3
Invocations    | 1 2 |  2.9
Axes           | |  2.6
Stealth        | |  0.5

Action                   |  1- 3 |  4- 6 |  7- 9 || total
-------------------------+-------+-------+-------++-------
Melee: Whip              |   116 |   168 |    64 ||   348
       Headbutt          |    16 |    29 |    13 ||    58
       War axe           |     1 |       |       ||     1
Invok: Heroism           |       |     1 |       ||     1
  Use: Scroll            |     1 |       |     1 ||     2
       Potion            |       |     1 |     1 ||     2
Armor: Scale mail        |    55 |    66 |    21 ||   142
Dodge: Dodged            |    44 |    61 |    26 ||   131
Block: Buckler           |    17 |    35 |    18 ||    70
